BSA
LOS CABOS CARTEL @ IRVINE GANG GREEN
05/09/2024
 
TOP OF THE 1ST
Los Cabos Cartel batting - Pitching for Irvine Gang Green : LHP Terry Klassen
Pitching: LHP Terry Klassen
Batting: RHB Dan Mason 0-0: Ground out 6-3 (Groundball, 6M)
Batting: RHB Oliver Hernández 0-0: Foul Ball, location: 2F
0-1: Ground out U3 (Groundball, 3S)
Batting: SHB Julián Madrid 0-0: Ball
1-0: Swinging Strike
1-1: Foul Ball, location: 2F
1-2: Foul Ball, location: 2F
1-2: Ball
2-2: Ball
3-2: Foul Ball, location: 2F
3-2: Foul Ball, location: 2F
3-2: Fly out, F9 (Flyball, 89D)
Top of the 1st over - 0 run(s), 0 hit(s), 0 error(s), 0 left on base; Los Cabos 0 - Irvine 0
BOTTOM OF THE 1ST
Irvine Gang Green batting - Pitching for Los Cabos Cartel : LHP Francisco Pérez
Pitching: LHP Francisco Pérez
Batting: LHB Leonardo Medina 0-0: Ball
1-0: Foul Ball, location: 2F
1-1: Ball
2-1: Ball
3-1: Ground out U3 (Groundball, 3)
Batting: LHB Jesús Campos 0-0: Ball
1-0: Called Strike
1-1: Ball
2-1: Ball
3-1: Base on Balls
Batting: RHB Buck Jones 0-0: Ball
1-0: Called Strike
1-1: Ball
2-1: Foul Ball, location: 2F
2-2: Fly out, F8 (Flyball, 89S)
Batting: RHB Manny Copriviza 0-0: Ground out 2-3 (Groundball, 2R)
Bottom of the 1st over - 0 run(s), 0 hit(s), 0 error(s), 1 left on base; Los Cabos 0 - Irvine 0
TOP OF THE 2ND
Los Cabos Cartel batting - Pitching for Irvine Gang Green : LHP Terry Klassen
Batting: LHB José Rivas 0-0: Ball
1-0: Called Strike
1-1: Called Strike
1-2: Ball
2-2: Fly out, F7 (Flyball, 7LM)
Batting: RHB Oliver Lugo 0-0: Ball
1-0: Ground out 6-3 (Groundball, 6M)
Batting: LHB Luis González 0-0: Ball
1-0: Ball
2-0: Ball
3-0: Called Strike
3-1: Base on Balls
Batting: LHB Manny Quiñones 0-0: Called Strike
0-1: Ball
Wild Pitch!
Luis González to second
1-1: Foul Ball, location: 2F
1-2: SINGLE (Groundball, 56D)
Luis González to third
Runner from 3rd tries for Home, SAFE, no throw or cutoff
Batting: RHB Stephen Wilson 0-0: Called Strike
0-1: Ground out 6-3 (Groundball, 6)
Top of the 2nd over - 1 run(s), 1 hit(s), 0 error(s), 1 left on base; Los Cabos 1 - Irvine 0
BOTTOM OF THE 2ND
Irvine Gang Green batting - Pitching for Los Cabos Cartel : LHP Francisco Pérez
Batting: LHB Bill Murphy 0-0: Ball
1-0: Ball
2-0: Called Strike
2-1: SINGLE (Groundball, 3L)
Batting: RHB José García 0-0: Ball
1-0: Foul Ball, location: 2F
1-1: Ball
2-1: Ball
3-1: Grounds out, U3 (Groundball, 3L)
Batting: LHB Tom Baker 0-0: Ball
1-0: Ball
2-0: Called Strike
2-1: Called Strike
2-2: Strikes out swinging
Batting: SHB Adrián Ramírez 0-0: Ball
1-0: Swinging Strike
1-1: Called Strike
1-2: Strikes out swinging
Bottom of the 2nd over - 0 run(s), 1 hit(s), 0 error(s), 1 left on base; Los Cabos 1 - Irvine 0
TOP OF THE 3RD
Los Cabos Cartel batting - Pitching for Irvine Gang Green : LHP Terry Klassen
Batting: LHB Truman Hodge 0-0: Called Strike
0-1: Hit by Pitch
Batting: RHB Dan Mason 0-0: Called Strike
0-1: Called Strike
0-2: Ball
1-2: Strikes out swinging
Batting: RHB Oliver Hernández 0-0: Called Strike
0-1: Ball
1-1: Fly out, F4 (Line Drive, 4)
Batting: SHB Julián Madrid 0-0: Foul Ball, location: 2F
0-1: Foul Ball, location: 2F
0-2: Ball
1-2: Ball
2-2: Foul Ball, location: 2F
2-2: Foul Ball, location: 2F
2-2: Ball
Passed Ball!
Truman Hodge to second
3-2: Fly out, F9 (Flyball, 9S)
Top of the 3rd over - 0 run(s), 0 hit(s), 0 error(s), 1 left on base; Los Cabos 1 - Irvine 0
BOTTOM OF THE 3RD
Irvine Gang Green batting - Pitching for Los Cabos Cartel : LHP Francisco Pérez
Batting: RHB José Salazar 0-0: Ball
1-0: Ball
2-0: Called Strike
2-1: Ball
3-1: Base on Balls
Batting: LHB Leonardo Medina 0-0: Grounds into double play, 4-6-3 (Groundball, 34)
Batting: LHB Jesús Campos 0-0: Called Strike
0-1: SINGLE (Line Drive, 8RS)
Batting: RHB Buck Jones 0-0: Ball
1-0: Ball
2-0: Ground out 1-3 (Groundball, 15S)
Bottom of the 3rd over - 0 run(s), 1 hit(s), 0 error(s), 1 left on base; Los Cabos 1 - Irvine 0
TOP OF THE 4TH
Los Cabos Cartel batting - Pitching for Irvine Gang Green : LHP Terry Klassen
Batting: LHB José Rivas 0-0: Ball
1-0: Ball
2-0: Called Strike
2-1: Foul Ball, location: 2F
2-2: Strikes out swinging
Batting: RHB Oliver Lugo 0-0: Ball
1-0: Ball
2-0: Called Strike
2-1: Foul Ball, location: 2F
2-2: Strikes out looking
Batting: LHB Luis González 0-0: Called Strike
0-1: Foul Ball, location: 2F
0-2: Strikes out swinging
Top of the 4th over - 0 run(s), 0 hit(s), 0 error(s), 0 left on base; Los Cabos 1 - Irvine 0
BOTTOM OF THE 4TH
Irvine Gang Green batting - Pitching for Los Cabos Cartel : LHP Francisco Pérez
Batting: RHB Manny Copriviza 0-0: Reached on Error, E7 (Line Drive, 7M)
Batting: LHB Bill Murphy 0-0: Ground out 3-1 (Groundball, 3)
Manny Copriviza to third
Batting: RHB José García 0-0: Ball
1-0: Swinging Strike
1-1: Ball
2-1: Swinging Strike
2-2: Ball
3-2: Foul Ball, location: 2F
3-2: Ground out 1-3 (Groundball, 13)
Batting: LHB Tom Baker 0-0: Ball
1-0: Called Strike
1-1: Ball
2-1: Foul Ball, location: 2F
2-2: Strikes out swinging
Bottom of the 4th over - 0 run(s), 0 hit(s), 1 error(s), 1 left on base; Los Cabos 1 - Irvine 0
TOP OF THE 5TH
Los Cabos Cartel batting - Pitching for Irvine Gang Green : LHP Terry Klassen
Batting: LHB Manny Quiñones 0-0: Foul Ball, location: 2F
0-1: Ground out 6-3 (Groundball, 6M)
Batting: RHB Stephen Wilson 0-0: Ground out 6-3 (Groundball, 6M)
Batting: LHB Truman Hodge 0-0: SINGLE (Line Drive, 89M)
Batting: RHB Dan Mason 0-0: Ball
1-0: Ball
2-0: Ball
3-0: Base on Balls
Truman Hodge to second
Batting: RHB Oliver Hernández 0-0: Ball
1-0: Ball
2-0: Called Strike
2-1: Swinging Strike
2-2: Ball
3-2: Foul Ball, location: 2F
3-2: Ground out 1-3 (Groundball, 13S)
Top of the 5th over - 0 run(s), 1 hit(s), 0 error(s), 2 left on base; Los Cabos 1 - Irvine 0
BOTTOM OF THE 5TH
Irvine Gang Green batting - Pitching for Los Cabos Cartel : LHP Francisco Pérez
Batting: SHB Adrián Ramírez 0-0: Ball
1-0: Foul Ball, location: 2F
1-1: Foul Ball, location: 2F
1-2: Foul Ball, location: 2F
1-2: Ball
2-2: Fly out, F6 (Popup, 6)
Batting: RHB José Salazar 0-0: Ball
1-0: Ball
2-0: Called Strike
2-1: Foul Ball, location: 2F
2-2: Fly out, F7 (Flyball, 78M)
Batting: LHB Leonardo Medina 0-0: Fly out, F7 (Popup, 78S)
Bottom of the 5th over - 0 run(s), 0 hit(s), 0 error(s), 0 left on base; Los Cabos 1 - Irvine 0
TOP OF THE 6TH
Los Cabos Cartel batting - Pitching for Irvine Gang Green : LHP Terry Klassen
Batting: SHB Julián Madrid 0-0: Ball
1-0: Ball
2-0: Ball
3-0: Base on Balls
Batting: LHB José Rivas 0-0: Called Strike
0-1: Ball
1-1: Fielders Choice at 2nd, 1-4 (Groundball, 15)
Batting: RHB Oliver Lugo 0-0: Ball
1-0: Called Strike
1-1: SINGLE (Groundball, 6MD)
José Rivas to second
Batting: LHB Luis González 0-0: Swinging Strike
0-1: Ball
1-1: Called Strike
1-2: Foul Ball, location: 2F
1-2: Ground out 5-3 (Groundball, 5L)
José Rivas to third
Oliver Lugo to second
Batting: LHB Manny Quiñones 0-0: Ball
1-0: Called Strike
1-1: Ball
2-1: Ball
3-1: Swinging Strike
3-2: Foul Ball, location: 2F
3-2: Strikes out swinging
Top of the 6th over - 0 run(s), 1 hit(s), 0 error(s), 2 left on base; Los Cabos 1 - Irvine 0
BOTTOM OF THE 6TH
Irvine Gang Green batting - Pitching for Los Cabos Cartel : LHP Francisco Pérez
Batting: LHB Jesús Campos 0-0: Swinging Strike
0-1: Ball
1-1: Ball
2-1: Ball
3-1: Called Strike
3-2: Strikes out swinging
Batting: RHB Buck Jones 0-0: Called Strike
0-1: Ball
1-1: Fly out, F9 (Flyball, 89M)
Batting: RHB Manny Copriviza 0-0: Called Strike
0-1: Foul Ball, location: 2F
0-2: Ball
1-2: Strikes out swinging
Bottom of the 6th over - 0 run(s), 0 hit(s), 0 error(s), 0 left on base; Los Cabos 1 - Irvine 0
TOP OF THE 7TH
Los Cabos Cartel batting - Pitching for Irvine Gang Green : LHP Terry Klassen
Pitching: LHP Frank Jackson
Batting: RHB Stephen Wilson 0-0: Called Strike
0-1: Ball
1-1: Ball
2-1: Called Strike
2-2: Ball
3-2: SINGLE (Line Drive, 8RS)
Pinch Hitting: RHB Michael Barraclough 0-0: Ball
1-0: Ball
2-0: Bunted foul
2-1: Sac Bunt - play at second, runner OUT! 1-6
Batting: RHB Dan Mason 0-0: Ball
1-0: 2-RUN HOME RUN (Flyball, 9LD), Distance : 407 ft
Batting: RHB Oliver Hernández 0-0: Fly out, F4 (Popup, 34D)
Batting: SHB Julián Madrid 0-0: Called Strike
0-1: Ball
1-1: Ball
2-1: Foul Ball, location: 2F
2-2: Ground out 1-3 (Groundball, 13)
Top of the 7th over - 2 run(s), 2 hit(s), 0 error(s), 0 left on base; Los Cabos 3 - Irvine 0
BOTTOM OF THE 7TH
Irvine Gang Green batting - Pitching for Los Cabos Cartel : LHP Francisco Pérez
Now at 1B: Michael Barraclough
Batting: LHB Bill Murphy 0-0: Foul Ball, location: 2F
0-1: SINGLE (Line Drive, 6M)
Batting: RHB José García 0-0: Called Strike
0-1: Called Strike
0-2: Ball
1-2: Ball
2-2: SINGLE (Line Drive, 56D)
Bill Murphy to second
Batting: LHB Tom Baker 0-0: Called Strike
0-1: Fly out, F7 (Flyball, 7M)
Batting: SHB Adrián Ramírez 0-0: Called Strike
0-1: Ball
1-1: Swinging Strike
1-2: DOUBLE (Flyball, 7D)
Bill Murphy scores
José García to third
Runner from 3rd tries for Home, SAFE, no throw or cutoff
Batting: RHB José Salazar 0-0: Called Strike
0-1: Ball
1-1: Ball
2-1: SINGLE (Groundball, 56D) (infield hit)
Adrián Ramírez to third
Pitching: LHP Steve Haynes
Pinch Hitting: LHB Víctor Quiñones 0-0: Called Strike
0-1: Called Strike
0-2: Foul Ball, location: 2F
0-2: Foul Ball, location: 2F
0-2: Ball
1-2: Foul Ball, location: 2F
1-2: Fly out, F4 (Line Drive, 34)
Batting: LHB Jesús Campos 0-0: Ball
1-0: Foul Ball, location: 2F
1-1: Foul Ball, location: 2F
1-2: Ball
2-2: TRIPLE (Flyball, 9D)
Adrián Ramírez scores
José Salazar scores
Batting: RHB Buck Jones 0-0: Ball
1-0: Ball
2-0: Called Strike
Reached via error on a dropped throw, E3
Jesús Campos scores
Batting: RHB Manny Copriviza 0-0: Ball
1-0: Swinging Strike
1-1: Foul Ball, location: 2F
1-2: Foul Ball, location: 2F
1-2: Ball
2-2: Ball
3-2: Base on Balls
Buck Jones to second
Batting: LHB Bill Murphy 0-0: Swinging Strike
0-1: Swinging Strike
0-2: Foul Ball, location: 2F
0-2: Strikes out swinging
Bottom of the 7th over - 5 run(s), 5 hit(s), 1 error(s), 2 left on base; Los Cabos 3 - Irvine 5
TOP OF THE 8TH
Los Cabos Cartel batting - Pitching for Irvine Gang Green : LHP Frank Jackson
Now in LF: Tony Tavárez
Batting: LHB José Rivas 0-0: Foul Ball, location: 2F
0-1: Swinging Strike
0-2: Ball
1-2: Strikes out looking
Batting: RHB Oliver Lugo 0-0: Ball
1-0: Ball
2-0: Ball
3-0: Called Strike
3-1: Called Strike
3-2: Strikes out swinging
Batting: LHB Luis González 0-0: Ground out 4-3 (Groundball, 4M)
Top of the 8th over - 0 run(s), 0 hit(s), 0 error(s), 0 left on base; Los Cabos 3 - Irvine 5
BOTTOM OF THE 8TH
Irvine Gang Green batting - Pitching for Los Cabos Cartel : LHP Steve Haynes
Batting: RHB José García 0-0: Called Strike
0-1: Swinging Strike
0-2: Ball
1-2: Ball
2-2: Ground out U3 (Groundball, 3)
Batting: LHB Tom Baker 0-0: Ground out 4-3 (Groundball, 34)
Batting: SHB Adrián Ramírez 0-0: Foul Ball, location: 2F
0-1: Ball
1-1: Swinging Strike
1-2: Reached on error, E2 (Groundball, 2R)
Batting: RHB José Salazar 0-0: Ball
1-0: Ground out 1-3 (Groundball, 15S)
Bottom of the 8th over - 0 run(s), 0 hit(s), 1 error(s), 1 left on base; Los Cabos 3 - Irvine 5
TOP OF THE 9TH
Los Cabos Cartel batting - Pitching for Irvine Gang Green : LHP Frank Jackson
Pitching: RHP Robert Powers
Batting: LHB Manny Quiñones 0-0: Ball
1-0: Ball
2-0: Called Strike
2-1: Foul Ball, location: 2F
2-2: Strikes out swinging
Batting: RHB Stephen Wilson 0-0: Ball
1-0: Fly out, F3 (Popup, 3F)
Batting: RHB Michael Barraclough 0-0: Ball
1-0: Ball
2-0: Foul Ball, location: 2F
2-1: Foul Ball, location: 2F
2-2: Strikes out swinging
Top of the 9th over - 0 run(s), 0 hit(s), 0 error(s), 0 left on base; Los Cabos 3 - Irvine 5
This league is powered by Out of the Park Baseball, the baseball management simulation game for PC, Mac and Linux
Saturday, April 9th, 2016 - OOTP Baseball 16.8 Build 38